 Dungeon Crawl Stone Soup version 0.30.1-3-gfc49f6343a (webtiles) character file.

Game seed: 11836377161694821654

2334 Cheops the Grappler (level 9, -3/80 HPs)
             Began as a Troll Monk on July 20, 2023.
             Slain by a yak (14 damage)
             ... on level 6 of the Dungeon.
             The game lasted 00:07:51 (4042 turns).

Cheops the Grappler (Troll Monk)                    Turns: 4042, Time: 00:07:52

Health: -3/80      AC:  5    Str: 23    XL:     9   Next: 19%
Magic:  8/8        EV: 10    Int:  6    God:
Gold:   387        SH:  0    Dex: 14    Spells: 8/8 levels left

rFire   . .          .
                       - Unarmed
rCold   . . .        c - orb {light}
rNeg    . . .        x - +0 animal skin
rPois   .            (helmet restricted)
rElec   .            u - +0 cloak
rCorr   .            (gloves unavailable)
SInv    .            (boots unavailable)
Will    .....        (no amulet)
Stlth   +            d - ring of wizardry
HPRegen 1.13/turn    (no ring)
MPRegen 0.11/turn

%: wizardry (x1)
@: glowing, studying Axes
A: large, unfitting armour, claws 3, regeneration 1, shaggy fur 1, tough skin 1
a: no special abilities


You were on level 6 of the Dungeon.
You visited 1 branch of the dungeon, and saw 6 of its levels.

You collected 387 gold pieces.

Inventory:

Missiles
 n - a throwing net (quivered)
Armour
 c - an orb of light (worn)
 k - an orb of mayhem
 u - a +0 cloak (worn)
 x - a +0 animal skin (worn)
Jewellery
 d - a ring of wizardry (left claw)
 s - a ring of fire
Wands
 q - a wand of charming (16)
 v - a wand of iceblast (11)
Scrolls
 e - a scroll of brand weapon {unknown}
 g - 2 scrolls of amnesia {unknown}
 h - a scroll of poison {unknown}
 t - a scroll of enchant weapon {unknown}
 w - a scroll of fog {unknown}
 y - a scroll of teleportation {unknown}
 z - 2 scrolls of fear {unknown}
 A - a scroll of magic mapping
Potions
 a - a potion of invisibility
 b - a potion of ambrosia
 f - 2 potions of haste {unknown}
 i - 2 potions of cancellation {unknown}
 j - 3 potions of brilliance {unknown}
 l - 4 potions of curing {unknown}
 m - a potion of heal wounds
 o - 2 potions of mutation
 p - a potion of attraction
 r - 2 potions of lignification


   Skills:
 - Level 2.4 Fighting
 + Level 7.3 Axes
 - Level 2.4 Dodging
 * Level 11.0 Unarmed Combat


You had 8 spell levels left.
You didn't know any spells.
Your spell library contained the following spells:

 Spells                   Type           Power      Damage    Failure   Level
 Magic Dart               Conj           0%         1d3       21%         1
 Searing Ray              Conj           0%         2d4       28%         2
 Volatile Blastmotes      Fire/Tloc      0%         2d10      50%         3
 Fulminant Prism          Conj/Hex       0%         3d5       86%         4
 Iskenderun's Mystic Bla  Conj/Tloc      0%         2d3       86%         4
 Lee's Rapid Deconstruct  Erth           0%         3d4*      99%         5


Dungeon Overview and Level Annotations

Branches:
Dungeon (6/15)
 Temple: D:4-7

Altars:
Cheibriados
Kikubaaqudgha
Trog

Annotations:
D:2 dig, 1 exclusion


Innate Abilities, Weirdness & Mutations

You are too large for most types of armour.
You have claws for hands.
Your natural rate of healing is unusually fast.
You are covered in fur. (AC +1)
You have tough skin. (AC +1)


Message History

You barely miss the yak.
The yak is lightly wounded.
The yak gores you!
* * * LOW HITPOINT WARNING * * *
You scratch the yak.
The yak is lightly wounded.
The yak barely misses you.
You completely miss the yak.
The yak is lightly wounded.
The yak closely misses you.
You claw the yak!
The yak is heavily wounded.
You claw the yak!
The yak is severely wounded.
The yak gores you but does no damage.
You claw the yak!
The yak is almost dead.
The yak gores you!
* * * LOW HITPOINT WARNING * * *
You claw the yak!
You kill the yak!
You completely miss the yak. The yak gores you!
* * * LOW HITPOINT WARNING * * *
You mangle the yak!!
The yak is heavily wounded.
You claw the yak!
The yak is severely wounded.
The yak gores you!
* * * LOW HITPOINT WARNING * * *
You scratch the yak.
The yak is severely wounded.
The yak gores you!
* * * LOW HITPOINT WARNING * * *
You claw the yak!
You kill the yak!
Your Unarmed Combat skill increases to level 11!
You mangle the yak!!
The yak is heavily wounded.
The yak gores you!
You die...

.... ... ##..## ...!
### #....###.... #..
........... #.#
#..#....... ##.##
#..........
####...####.#...?...
#.......@YYY........
#.##...######.......
##.## .Y..... #.#
....... # #.#
.###### #>###.# .#
#.#...# .. ##.#.###
## ##......######


You could see 3 yaks.

Vanquished Creatures
  Grinder (D:5)
  2 yaks (D:6)
  A water moccasin (D:6)
  Duvessa (D:5)
  2 ogres (D:5)
  A centaur (D:5)
  3 phantoms (D:5)
  A gnoll sergeant (D:5)
  3 scorpions
  A necrophage (D:4)
  A wight (D:4)
  Dowan (D:5)
  A howler monkey (D:6)
  A centaur zombie (D:4)
  2 hounds (D:5)
  A human zombie (D:4)
  2 sleepcaps (D:5)
  Ijyb (D:3)
  3 iguanas (D:5)
  Jessica (D:2)
  A scorpion zombie (D:4)
  4 orc wizards
  A hound zombie (D:4)
  3 mummies (D:4)
  Robin (D:3)
  4 gnolls (D:5)
  10 adders
  2 shadow imps (D:5)
  An ufetubus (D:5)
  3 adder zombies (D:4)
  A worm (D:5)
  2 dart slugs
  11 orcs
  2 ball pythons (D:1)
  5 bats
  6 endoplasms
  2 giant cockroaches
  8 goblins
  11 hobgoblins
  6 jackals
  4 quokkas
  4 frilled lizards
  6 kobolds
  4 rats
132 creatures vanquished.

Notes
Turn   | Place    | Note
-------+----------+-------------------------------------------
     0 | D:1      | Cheops the Troll Monk began the quest for the Orb.
     0 | D:1      | Reached XP level 1. HP: 22/22 MP: 0/0
   173 | D:1      | Reached XP level 2. HP: 29/29 MP: 1/1
  1008 | D:2      | Reached skill level 4 in Unarmed Combat
  1065 | D:2      | Reached XP level 3. HP: 36/36 MP: 2/2
  1207 | D:2      | Noticed Jessica
  1215 | D:2      | Killed Jessica
  1217 | D:2      | Identified the +2 helmet of Tuorai {Rampage rF+ Dex-5
                  | Slay+3}
  1274 | D:2      | Found a bloodstained altar of Trog.
  1352 | D:3      | Noticed Robin
  1352 | D:3      | Noticed Ijyb
  1355 | D:3      | Reached XP level 4. HP: 44/44 MP: 3/3
  1358 | D:3      | Reached skill level 5 in Unarmed Combat
  1368 | D:3      | Killed Ijyb
  1375 | D:3      | Killed Robin
  1634 | D:3      | Found a snail-covered altar of Cheibriados.
  1637 | D:3      | Found a bloodstained altar of Trog.
  1649 | D:3      | Reached XP level 5. HP: 46/50 MP: 4/4
  1673 | D:3      | Reached skill level 6 in Unarmed Combat
  1688 | D:3      | Noticed a floating eye
  1689 | D:3      | Found a faded altar of an unknown god.
  1690 | D:3      | Noticed a golden eye
  1690 | D:3      | Noticed a shining eye
  1690 | D:3      | Noticed a shining eye
  2440 | D:4      | Reached skill level 1 in Axes
  2440 | D:4      | Reached XP level 6. HP: 48/59 MP: 5/5
  2455 | D:4      | Found an ancient bone altar of Kikubaaqudgha.
  2475 | D:4      | Reached skill level 7 in Unarmed Combat
  2869 | D:5      | Entered Level 5 of the Dungeon
  2896 | D:5      | Reached XP level 7. HP: 59/66 MP: 6/6
  2924 | D:5      | Noticed Grinder
  2932 | D:5      | Killed Grinder
  2933 | D:5      | Reached skill level 8 in Unarmed Combat
  2986 | D:5      | Noticed Duvessa
  2989 | D:5      | Reached XP level 8. HP: 70/74 MP: 7/7
  2989 | D:5      | Noticed Dowan
  2995 | D:5      | Reached skill level 9 in Unarmed Combat
  2998 | D:5      | Killed Duvessa
  2999 | D:5      | Reached skill level 5 in Axes
  3018 | D:5      | Killed Dowan
  3538 | D:5      | Reached skill level 10 in Unarmed Combat
  3960 | D:6      | Reached XP level 9. HP: 79/80 MP: 8/8
  4042 | D:6      | Reached skill level 11 in Unarmed Combat
  4042 | D:6      | Slain by a yak

Illustrated notes

Levels and vault maps discovered:
D:1:      co_arrival_random_square_maze, layout_basic
D:2:      layout_rooms, basic_altar, item_on_display_b, uniq_jessica
D:3:      layout_basic, nicolae_overflow_squiral,
          hellmonk_ecumenical_altar_watching_god, nicolae_goblin_pals
D:4:      layout_loops_cross, lemuel_mausoleum_altar_kikubaaqudgha,
          chequers_serial_rivers_marsh
D:5:      cheibrodos_barr_body, layout_basic, uniq_duvessa, uniq_grinder
D:6:      layout_loops_ring, eat_drink_and_be_merry_uskayaw, minivault_27,
          uniq_crazy_yiuf_cottage

Skill      XL: |  1  2  3  4  5  6  7  8  9 |
---------------+----------------------------+-----
Unarmed Combat | 4 5 6 7 8 10 11 | 11.0
Axes           | 1 3 4 6 7 |  7.3
Fighting       | |  2.4
Dodging        | |  2.4

Action                     |  1- 3 |  4- 6 |  7- 9 || total
---------------------------+-------+-------+-------++-------
  Melee: Unarmed           |    55 |   126 |   140 ||   321
    Use: Scroll            |       |     5 |     2 ||     7
         Potion            |       |       |     1 ||     1
 Armour: Robe              |    10 |    18 |       ||    28
         Animal skin       |       |    12 |    45 ||    57
  Dodge: Dodged            |    20 |    51 |    51 ||   122
